 Dungeon Crawl Stone Soup version 0.20-a0-945-g3bf614a (console) character file.

825 pagos the Twirler (level 7, -1/44 HPs)
             Began as a Gargoyle Gladiator on Apr 2, 2017.
             Slain by an ogre
             ... wielding a +0 giant club
              (7 damage)
             ... on level 5 of the Dungeon.
             The game lasted 00:08:16 (3279 turns).

pagos the Twirler (Gargoyle Gladiator)              Turns: 3279, Time: 00:08:16

Health: -1/44      AC: 15    Str: 20    XL:     7   Next: 96%
Magic:  7/7        EV: 13    Int:  8    God:
Gold:   200        SH:  0    Dex: 11    Spells: 6/6 levels left

rFire    . . .     SeeInvis .   a - +0 quarterstaff
rCold    . . .     Gourm    .   (shield currently unavailable)
rNeg     + . .     Faith    .   q - +0 chain mail
rPois    ∞         Spirit   .   c - +0 helmet
rElec    +         Reflect  .   (no cloak)
rCorr    .         Harm     +   (no gloves)
MR       .....                  (no boots)
Stlth    ..........             s - amulet of harm
Regen    0.2/turn               e - +4 ring of evasion
MPRegen  0.1/turn               (no ring)

@: no status effects
A: negative energy resistance 1, electricity resistance, unbreathing,
petrification resistance, rot immunity, AC +4
a: no special abilities


You were on level 5 of the Dungeon.
You were not hungry.

You visited 2 branches of the dungeon, and saw 6 of its levels.

You collected 200 gold pieces.

Inventory:

Hand Weapons
 a - a +0 quarterstaff (weapon)
 p - a +2 dagger of chaos
Missiles
 d - 3 throwing nets (quivered)
Armour
 c - a +0 helmet (worn)
 q - a +0 chain mail (worn)
Magical Staves
 v - an uncursed staff of cold
Jewellery
 e - a +4 ring of evasion (left hand)
 s - an amulet of harm (around neck)
Scrolls
 b - a scroll of immolation {unknown}
 g - 3 scrolls of identify {unknown}
 h - a scroll of enchant weapon {unknown}
 l - 2 scrolls of teleportation {unknown}
 m - a scroll of remove curse {unknown}
 o - a scroll of blinking {unknown}
 r - a scroll of magic mapping {unknown}
 w - a scroll of recharging {unknown}
Potions
 k - a potion of haste {unknown}
 n - 2 potions of heal wounds {unknown}
 t - a potion of might {unknown}
 u - 3 potions of curing {unknown}
 x - a potion of brilliance {unknown}
Comestibles
 f - a bread ration
 i - 2 meat rations
 j - 6 fruits
 z - a royal jelly


   Skills:
 + Level 4.5 Fighting
 * Level 6.3 Staves
 - Level 1.7 Throwing
 + Level 3.6 Armour
 + Level 4.1 Dodging


You had 6 spell levels left.
You didn't know any spells.

Dungeon Overview and Level Annotations

Branches:
Dungeon (5/15)             Temple (1/1) D:4

Altars:
Ashenzari
Cheibriados
Dithmenos
Elyvilon
Fedhas
Gozag
Hepliaklqana
Kikubaaqudgha
Nemelex Xobeh
Ru
Sif Muna
Trog
Wu Jian
Xom
Yredelemnul
Zin
The Shining One

Shops:
D:4 *


Innate Abilities, Weirdness & Mutations

You are resistant to torment.
Your stone body is resilient. (AC +4)
You are immune to poison.
You resist negative energy. (rN+)
You are resistant to electric shocks. (rElec)
You can survive without breathing.
You are immune to petrification.
You are immune to rotting.


Message History

You sock the ogre!
The ogre is heavily wounded.
The ogre barely misses you.
You hit the ogre.
The ogre is severely wounded.
The ogre hits you with a giant club!
* * * LOW HITPOINT WARNING * * *
You hit the ogre.
The ogre is almost dead.
The ogre misses you.
Your chain mail prevents you from hitting the ogre.
The ogre is almost dead.
You barely miss the ogre.
The ogre is almost dead.
The ogre hits you with a giant club.
* * * LOW HITPOINT WARNING * * *
Your chain mail prevents you from hitting the ogre.
The ogre is almost dead.
The ogre hits you with a giant club.
You die...

#### #... #... #... #...
..#####################...
.......WO@................
.......###................
....... #........###'###)
.......###........# #.# #)
..................###.###)
..########........+.._..'.
. #........#######.
#........# ### #.
#........#######†
#................


You could see a phantom and an ogre.

Vanquished Creatures
  An ice beast (D:5)
  A sky beast (D:5)
  An ogre (D:4)
  A scorpion (D:5)
  5 crimson imps
  An iguana (D:5)
  2 worker ants (D:4)
  Natasha (thrice) (D:3)
  4 gnolls (D:5)
  4 adders
  A howler monkey skeleton (D:4)
  2 oozes (D:1)
  2 worms
  A dart slug (D:1)
  5 leopard geckos
  5 orcs
  A ball python (D:3)
  4 bats
  4 giant cockroaches
  11 goblins
  10 hobgoblins
  4 jackals (D:4)
  4 quokkas
  5 frilled lizards
  7 kobolds
  2 rats
  2 plants (D:1)
93 creatures vanquished.

Notes
Turn   | Place    | Note
-------+----------+-------------------------------------------
     0 | D:1      | pagos the Gargoyle Gladiator began the quest for the Orb.
     0 | D:1      | Reached XP level 1. HP: 12/12 MP: 1/1
   111 | D:1      | Reached XP level 2. HP: 13/17 MP: 2/2
   127 | D:1      | You fall through a shaft!
   286 | D:2      | Reached XP level 3. HP: 14/22 MP: 3/3
   851 | D:1      | Reached XP level 4. HP: 27/27 MP: 4/4
  1023 | D:2      | Reached skill level 4 in Staves
  1023 | D:2      | Reached skill level 1 in Armour
  1370 | D:3      | Found a shimmering altar of Xom.
  1383 | D:3      | Reached XP level 5. HP: 32/32 MP: 5/5
  1447 | D:3      | Found an ancient bone altar of Kikubaaqudgha.
  1448 | D:3      | Noticed Natasha
  1478 | D:3      | Killed Natasha
  1557 | D:3      | Reached XP level 6. HP: 25/37 MP: 6/6
  1566 | D:3      | Noticed Natasha
  1576 | D:3      | Killed Natasha
  2141 | D:3      | Noticed Natasha
  2144 | D:3      | Killed Natasha
  2144 | D:3      | Reached skill level 5 in Staves
  2305 | D:4      | Found a staircase to the Ecumenical Temple.
  2319 | Temple   | Entered the Ecumenical Temple
  2436 | D:4      | Found Xippiucs's General Store.
  2579 | D:4      | Reached XP level 7. HP: 35/42 MP: 7/7
  2601 | D:4      | Found a snail-covered altar of Cheibriados.
  2601 | D:4      | Found a glowing silver altar of Zin.
  3001 | D:5      | Entered Level 5 of the Dungeon
  3087 | D:5      | Found a shadowy altar of Dithmenos.
  3222 | D:5      | Reached skill level 6 in Staves
  3279 | D:5      | Slain by an ogre

Vault maps used:
D:1:      roderic_crop_circles_arrival_small
D:3:      kiku_gazebo_garden_becter, led_xom_imps, uniq_natasha
D:4:      wad_lake_hut, gammafunk_temple_overflow_wave, temple_statues,
          serial_shops, nicolae_shop_temple_entry_statues_fountains
D:5:      lemuel_doored_altar, okawaru_ov_weapons_minmay, first_bread
Temple:   nicolae_temple_no_exploring_needed

Skill      XL: |  1  2  3  4  5  6  7 |
---------------+----------------------+-----
Dodging        | 3 4 |  4.1
Staves         | 4 5 6 |  6.3
Armour         | 1 2 3 |  3.6
Fighting       | 3 4 |  4.5
Throwing       | |  1.7

Action                   |  1- 3 |  4- 6 |  7- 9 || total
-------------------------+-------+-------+-------++-------
Melee: Quarterstaff      |   129 |   172 |    98 ||   399
 Stab: Invisible         |       |     1 |       ||     1
  Eat: Chunk             |       |     5 |     3 ||     8
Armor: Leather armour    |    22 |    28 |       ||    50
       Chain mail        |       |    24 |    46 ||    70
Dodge: Dodged            |    91 |   134 |    63 ||   288
